 Dungeon Crawl Stone Soup version 0.27-a0-279-gdfb9265905 (webtiles) character file.

Game seed: 14915511945255351364

879 lessens the Thaumaturge (level 7, 0/36 HPs)
             Began as a Deep Elf Venom Mage on Feb 7, 2021.
             Killed from afar by a white imp (6 damage)
             ... with a puff of frost
             ... on level 5 of the Dungeon.
             The game lasted 00:09:25 (6465 turns).

lessens the Thaumaturge (Deep Elf Venom Mage)       Turns: 6465, Time: 00:09:25

Health: 0/36       AC:  3    Str:  5    XL:     7   Next: 75%
Magic:  30/30      EV: 13    Int: 22    God:
Gold:   193        SH:  0    Dex: 15    Spells: 10/23 levels left

rFire    . . .     SeeInvis .   v - +1 flail (protect)
rCold    . . .     Faith    .   (no shield)
rNeg     + . .     Spirit   .   a - +0 robe
rPois    .         Reflect  .   (no helmet)
rElec    .         Harm     .   y - +0 cloak
rCorr    .         Rampage  .   (no gloves)
Will     .....                  (no boots)
Stlth    ++........             (no amulet)
HPRegen  0.12/turn              i - ring of magical power
MPRegen  0.22/turn              c - ring of positive energy

@: no status effects
A: no striking features
a: no special abilities


You were on level 5 of the Dungeon.
You visited 1 branch of the dungeon, and saw 5 of its levels.

You collected 193 gold pieces.

Inventory:

Hand Weapons
 v - a +1 flail of protection (weapon)
 z - a +3 dagger
Missiles
 g - 11 javelins
 h - 117 stones
Armour
 a - a +0 robe (worn)
 y - a +0 cloak (worn)
Jewellery
 c - a ring of positive energy (right hand)
 i - a ring of magical power (left hand)
 t - an uncursed ring of fire {unknown}
 w - a +6 ring of dexterity {unknown}
Wands
 A - a wand of digging (4)
Scrolls
 b - 2 scrolls of teleportation
 e - 2 scrolls of remove curse {unknown}
 j - a scroll of magic mapping {unknown}
 m - 3 scrolls of identify {unknown}
 n - a scroll of enchant weapon {unknown}
 p - a scroll of enchant armour {unknown}
 q - 2 scrolls of fog {unknown}
 s - a scroll of immolation {unknown}
Potions
 d - a potion of berserk rage {unknown}
 f - a potion of magic {unknown}
 k - a potion of mutation {unknown}
 l - 2 potions of flight {unknown}
 o - a potion of lignification {unknown}
 r - a potion of cancellation {unknown}
 u - 2 potions of might {unknown}
 x - a potion of brilliance {unknown}


   Skills:
 - Level 2.4 Dodging
 - Level 2.4 Stealth
 + Level 8.6 Spellcasting
 - Level 2.0 Transmutations
 + Level 7.5 Poison Magic


You had 10 spell levels left.
You knew the following spells:

 Your Spells              Type           Power        Failure   Level
a - Sting                 Tmut/Pois      100%         1%          1
b - Poisonous Vapours     Pois/Air       50%          2%          2
c - Ignite Poison         Fire/Tmut/Pois 23%          6%          3
d - Mephitic Cloud        Conj/Pois/Air  20%          8%          3
e - Olgreb's Toxic Radia  Pois           42%          3%          4

Your spell library contained the following spells:

 Spells                   Type           Power        Failure   Level


Dungeon Overview and Level Annotations

Branches:
Dungeon (5/15)
 Temple: D:4-7

Altars:
Makhleb
Okawaru


Message History

You hit the white imp but do no damage.
The white imp is almost dead.
The white imp puffs mist at you. The white imp gestures at you.
The puff of frost hits you.
You barely miss the white imp.
The white imp is almost dead.
The white imp misses you.
The white imp grinds its teeth.
The white imp gestures at you. The puff of frost hits you!
* * * LOW HITPOINT WARNING * * *
You barely miss the white imp.
The white imp is almost dead.
The white imp misses you.
You barely miss the white imp.
The white imp is almost dead.
The white imp gestures at you. The puff of frost hits you.
You die...

...........####.............#
...........##...........#...#
...........##...........#...#
..5........##...........#...#####
...........##...........#...#...?
...........##..............##....
...........##...........#####....
...........##...........# #....
..$.....^.......@.......# #.(..
.................5......# #....
........................# #(...
............########...# #....
........$........####..#########
............................# #
########....................####
#......................oo
###....##......>.........


You could see a white imp.

Vanquished Creatures
  Sigmund (D:2)
  Edmund (D:4)
  A howler monkey (D:4)
  A jelly (D:4)
  A bullfrog skeleton (D:4)
  A hound (D:5)
  3 orc priests
  An iguana (D:3)
  2 orc wizards (D:5)
  6 worker ants
  8 adders
  3 worms
  16 orcs
  5 bats
  7 giant cockroaches
  3 goblins
  5 hobgoblins
  8 kobolds
  4 quokkas
  7 frilled lizards
  8 rats
92 creatures vanquished.

Notes
Turn   | Place    | Note
-------+----------+-------------------------------------------
     0 | D:1      | lessens the Deep Elf Venom Mage began the quest for the
                  | Orb.
     0 | D:1      | Reached XP level 1. HP: 10/10 MP: 6/6
   686 | D:1      | Reached XP level 2. HP: 12/15 MP: 2/8
  1206 | D:2      | Learned a level 2 spell: Poisonous Vapours
  1272 | D:2      | Found an iron altar of Okawaru.
  1570 | D:2      | Reached XP level 3. HP: 12/19 MP: 1/10
  1694 | D:2      | Reached skill level 4 in Spellcasting
  2261 | D:2      | Noticed Sigmund
  2267 | D:2      | Learned a level 3 spell: Ignite Poison
  2271 | D:2      | Learned a level 3 spell: Mephitic Cloud
  2280 | D:2      | Killed Sigmund
  2281 | D:2      | Reached skill level 5 in Spellcasting
  2281 | D:2      | Reached skill level 5 in Poison Magic
  2281 | D:2      | Reached XP level 4. HP: 9/24 MP: 10/13
  2281 | D:2      | Reached XP level 5. HP: 10/28 MP: 10/15
  2986 | D:2      | Found a burning altar of Makhleb.
  3317 | D:3      | Reached skill level 6 in Spellcasting
  3427 | D:3      | Reached XP level 6. HP: 32/32 MP: 17/17
  4624 | D:4      | Learned a level 4 spell: Olgreb's Toxic Radiance
  4763 | D:4      | Noticed Edmund
  4950 | D:4      | Killed Edmund
  4951 | D:4      | Reached skill level 7 in Spellcasting
  4951 | D:4      | Reached XP level 7. HP: 13/36 MP: 19/19
  5729 | D:5      | Entered Level 5 of the Dungeon
  5752 | D:5      | Reached skill level 8 in Spellcasting
  6465 | D:5      | Killed from afar by a white imp

Illustrated notes

Levels and vault maps discovered:
D:1:      lightli_iron_boxes, layout_basic
D:2:      layout_loops_corners, lemuel_crystal_altar, lightli_temple_of_fire,
          kennysheep_generic_room_8, uniq_sigmund
D:3:      layout_basic, st_stairs_9
D:4:      layout_rooms, uniq_edmund
D:5:      layout_basic

Skill      XL: |  1  2  3  4  5  6  7 |
---------------+----------------------+-----
Transmutations | 2 |  2.0
Spellcasting   | 5 6 7 8 |  8.6
Poison Magic   | 5 6 7 |  7.5
Dodging        | |  2.4
Stealth        | |  2.4

Action                   |  1- 3 |  4- 6 |  7- 9 || total
-------------------------+-------+-------+-------++-------
Melee: Unarmed           |       |     3 |       ||     3
       Flail             |       |       |    25 ||    25
 Cast: Sting             |    53 |    12 |     3 ||    68
       Poisonous Vapours |     9 |    78 |    51 ||   138
       Ignite Poison     |       |     1 |       ||     1
       Mephitic Cloud    |       |       |     1 ||     1
  Use: Scroll            |       |       |     1 ||     1
Armor: Robe              |       |     1 |     8 ||     9
Dodge: Dodged            |     9 |    10 |    22 ||    41

Table legend: (Time is in decaauts)
 A = Elapsed time spent in this place.
 B = Non-inter-level travel time spent in this place.
 C = Inter-level travel time spent in this place.
 D = Time resting spent in this place.
 E = Time spent auto-exploring this place.
 F = Levels seen in this place.
 G = Mean time per level.
                   A        B        C        D        E       F      G
               +--------+--------+--------+--------+--------+-----+--------+
         Total |   6478 |   6269 |    209 |    196 |   5228 |   5 | 1295.6 |
       Dungeon |   6478 |   6269 |    209 |    196 |   5228 |   5 | 1295.6 |
               +--------+--------+--------+--------+--------+-----+--------+

Top non-repeatable levels by time:
     D:2: 1824 daAuts
     D:3: 1601 daAuts
     D:1: 1408 daAuts
     D:4: 921 daAuts
     D:5: 721 daAuts
